 Dungeon Crawl Stone Soup version 0.31.0-32-g396128a36d (webtiles) character file.

Game seed: 6076522660854349046

378 BoneyBoi1234 the Conjurer (level 6, -3/51 HPs)
             Began as a Draconian Conjurer on Mar 27, 2024.
             Slain by Crazy Yiuf
             ... wielding a +4 quarterstaff of chaos
              (16 damage)
             ... on level 3 of the Dungeon.
             The game lasted 00:04:29 (3619 turns).

BoneyBoi1234 the Conjurer (Draconian Conjurer)      Turns: 3619, Time: 00:04:29

Health: -3/51      AC:  6    Str:  9    XL:     6   Next: 45%
Magic:  6/11       EV: 12    Int: 21    God:
Gold:   139        SH:  0    Dex:  9    Spells: 9/12 levels left

rFire   + . .        g - +0 short sword
rCold   + . .        (no shield)
rNeg    . . .        (body armour unavailable)
rPois   +            (helmet restricted)
rElec   +            (no cloak)
rCorr   +            (no gloves)
SInv    .            (no boots)
Will    .....        (no amulet)
Stlth   ++           (no ring)
HPRegen 0.28/turn    (no ring)
MPRegen 0.12/turn

%: no passive effects
@: resistant
A: AC +6, unfitting armour, cold-blooded
a: no special abilities


You were on level 3 of the Dungeon.
You visited 1 branch of the dungeon, and saw 3 of its levels.

You collected 139 gold pieces.

Inventory:

Hand Weapons
 g - a +0 short sword (weapon)
Jewellery
 j - an amulet of guardian spirit
Scrolls
 b - 3 scrolls of identify {unknown}
 c - a scroll of fear {unknown}
 e - 2 scrolls of teleportation {unknown}
 f - a scroll of amnesia {unknown}
 k - a scroll of poison {unknown}
 l - a scroll of acquirement {unknown}
Potions
 a - a potion of magic
 h - a potion of heal wounds {unknown}
 i - a potion of might {unknown}


   Skills:
 + Level 3.3 Fighting
 + Level 3.4 Dodging
 - Level 1.7 Stealth
 + Level 3.5 Spellcasting
 + Level 5.2 Conjurations


You had 9 spell levels left.
You knew the following spells:

 Your Spells              Type           Power      Damage    Failure   Level
a - Magic Dart            Conj           100%       1d8       1%          1
b - Searing Ray           Conj           50%        2d6       2%          2

Your spell library contained the following spells:

 Spells                   Type           Power      Damage    Failure   Level
 Mercury Vapours          Alch/Air       6%         N/A       19%         2
 Mephitic Cloud           Conj/Alch/Air  11%        N/A       19%         3
 Fugue of the Fallen      Necr           3%         N/A       36%         3
 Ozocubu's Armour         Ice            3%         N/A       36%         3
 Fulminant Prism          Conj/Alch      7%         3d7       38%         4
 Iskenderun's Mystic Bla  Conj/Tloc      14%        2d5       38%         4
 Manifold Assault         Tloc           3%         N/A       77%         4
 Freezing Cloud           Conj/Ice/Air   5%         6-21      86%         5


Dungeon Overview and Level Annotations

Branches:
Dungeon (3/15)

Altars:
Qazlal

Annotations:
D:3 Crazy Yiuf


Innate Abilities, Weirdness & Mutations

Your plain brown scales are hard. (AC +6)
You cannot fit into any form of body armour.
You are cold-blooded and may be slowed by cold attacks.


Message History

The magic dart hits Crazy Yiuf but does no damage.
Crazy Yiuf hits you with a +4 quarterstaff of chaos!
You are poisoned.
Unknown command.
Casting: Magic Dart (safe; 1% risk of failure)
Confirm with . or Enter, or press ? or * to list all spells.
Aiming: Searing Ray (safe; 2% risk of failure)
Press: ? - help, Shift-Dir - straight line, f/p - Crazy Yiuf
Aim: Crazy Yiuf, wielding a +4 quarterstaff of chaos and wearing a +0 cloak (82% to hit)
The searing ray misses Crazy Yiuf. (Press . to maintain the ray.)
You feel very sick. Crazy Yiuf closely misses you.
The searing ray misses Crazy Yiuf.
You feel very sick.
Crazy Yiuf says, "Action turtle testudinal!"
Crazy Yiuf hits you with a +4 quarterstaff of chaos!
The searing ray hits Crazy Yiuf.
Crazy Yiuf is moderately wounded.
You feel sick. Crazy Yiuf misses you.
The searing ray hits Crazy Yiuf.
Crazy Yiuf is heavily wounded.
You finish channelling your searing ray.
You feel sick.
Crazy Yiuf hits you with a +4 quarterstaff of chaos!
* * * LOW HITPOINT WARNING * * *
You feel protected.
It was a potion of curing.
You feel better. Crazy Yiuf completely misses you.
You hit Crazy Yiuf but do no damage.
Crazy Yiuf is heavily wounded.
Crazy Yiuf says, "Gnoll!
Line hand arm."
Crazy Yiuf hits you with a +4 quarterstaff of chaos!
* * * LOW HITPOINT WARNING * * *
You hit Crazy Yiuf but do no damage. You punch Crazy Yiuf, but do no damage.
Crazy Yiuf is heavily wounded.
Crazy Yiuf barely misses you.
You hit Crazy Yiuf but do no damage.
Crazy Yiuf is heavily wounded.
Crazy Yiuf hits you with a +4 quarterstaff of chaos!
You die...

...........#####..##
.####.###.## #....#
.# #.# #.# ♣....♣ .#
#.# #.# ♣♣...♣ .#
#.# #.# ♣♣.♣♣
.####.# #.# ♣♣.♣
...†..###.# ♣.♣♣
).........# ♣♣.♣
########### ♣@♣♣ #g#
... #...# #)..#
#####


You could see Crazy Yiuf.

Vanquished Creatures
  A black bear (D:3)
  A bombardier beetle (D:2)
  2 orc priests (D:3)
  Jessica (D:3)
  Natasha (D:3)
  An orc wizard (D:3)
  5 adders
  A ribbon worm (D:3)
  A dart slug (D:1)
  4 orcs
  4 endoplasms
  3 giant cockroaches (D:3)
  7 goblins
  5 hobgoblins
  2 jackals (D:1)
  4 quokkas
  4 ball pythons
  5 bats
  3 frilled lizards
  6 kobolds
  7 rats
68 creatures vanquished.

Notes
Turn   | Place    | Note
-------+----------+-------------------------------------------
     0 | D:1      | BoneyBoi1234 the Draconian Conjurer began the quest for the
                  | Orb.
     0 | D:1      | Reached XP level 1. HP: 14/14 MP: 3/3
   251 | D:1      | Reached XP level 2. HP: 20/22 MP: 0/5
   438 | D:1      | Reached skill level 1 in Fighting
   829 | D:1      | Learned a level 2 spell: Searing Ray
   898 | D:2      | Reached XP level 3. HP: 15/28 MP: 4/6
  1194 | D:2      | Reached XP level 4. HP: 36/36 MP: 4/7
  2147 | D:2      | Found a stormy altar of Qazlal.
  2336 | D:3      | Found a faded altar of an unknown god.
  2488 | D:3      | Noticed a black bear
  2493 | D:3      | Killed a black bear
  2494 | D:3      | Reached XP level 5. HP: 42/42 MP: 2/9
  2835 | D:3      | Noticed Jessica
  2843 | D:3      | Killed Jessica
  2844 | D:3      | Reached skill level 5 in Conjurations
  3181 | D:3      | Reached XP level 6. HP: 51/51 MP: 7/10
  3219 | D:3      | Noticed Natasha
  3223 | D:3      | Killed Natasha
  3606 | D:3      | Found a runed translucent door.
  3607 | D:3      | Noticed Crazy Yiuf
  3619 | D:3      | Slain by Crazy Yiuf

Illustrated notes

Levels and vault maps discovered:
D:1:      dpeg_arrival_water_temple_mockup, layout_basic
D:2:      minmay_skewed_foursquare, layout_basic, basic_altar,
          grunt_ministairs_6, chequers_serial_rivers_micro_d
D:3:      minmay_recursive_quarters, layout_loops_ring,
          ebering_ecumenical_altar_abandoned, kennysheep_boxes, uniq_natasha,
          uniq_crazy_yiuf_cottage, uniq_jessica

Skill      XL: |  1  2  3  4  5 |
---------------+----------------+-----
Dodging        | 2 3 |  3.4
Fighting       | 1 2 3 |  3.3
Spellcasting   | 3 |  3.5
Conjurations   | 5 |  5.2
Stealth        | |  1.7

Action                     |  1- 3 |  4- 6 || total
---------------------------+-------+-------++-------
  Melee: Unarmed           |    39 |       ||    39
         Dagger            |    27 |       ||    27
         Tailslap          |     7 |     6 ||    13
         Short sword       |       |    58 ||    58
         Punch             |       |     2 ||     2
   Cast: Magic Dart        |    44 |    94 ||   138
         Searing Ray       |       |     2 ||     2
    Use: Potion            |       |     1 ||     1
   Stab: Sleeping          |       |     1 ||     1
 Armour: Skin              |    46 |    42 ||    88
  Dodge: Dodged            |    45 |    40 ||    85
